 Dungeon Crawl Stone Soup version 0.23-a0-629-gae4348f (webtiles) character file.

12 Firecrotchwizard the Covered (level 2, -1/23 HPs)
             Began as a Gnoll Wanderer on Dec 25, 2018.
             Slain by a gnoll
             ... wielding a +0 halberd
              (15 damage)
             ... on level 1 of the Dungeon.
             The game lasted 00:00:41 (371 turns).

Firecrotchwizard the Covered (Gnoll Wanderer)        Turns: 371, Time: 00:00:42

Health: -1/23      AC:  2    Str: 13    XL:     2   Next: 33%
Magic:  3/3        EV: 11    Int: 14    God:
Gold:   26         SH:  0    Dex: 15    Spells: 1/1 levels left

rFire    . . .     SeeInvis .     - Unarmed
rCold    . . .     Gourm    .   (no shield)
rNeg     . . .     Faith    .   d - +0 robe
rPois    .         Spirit   .   (no helmet)
rElec    .         Reflect  .   (no cloak)
rCorr    .         Harm     .   (no gloves)
MR       .....                  (no boots)
Stlth    ++........             (no amulet)
HPRegen  0.07/turn              (no ring)
MPRegen  0.08/turn              (no ring)

@: no status effects
A: distributed training, fangs 1, strong nose
a: no special abilities


You were on level 1 of the Dungeon.
You were not hungry.

You visited 1 branch of the dungeon, and saw 1 of its levels.

You collected 26 gold pieces.

Inventory:

Hand Weapons
 e - a +0 dagger
Armour
 d - a +0 robe (worn)
Scrolls
 a - a scroll of fear
 g - a scroll of remove curse {unknown}
Potions
 b - a potion of heal wounds
 c - 2 potions of lignification {!q}
Comestibles
 f - 2 rations
 h - 4 chunks of flesh {@w0}


   Skills:
 + Level 2.4 Fighting
 + Level 0.3 Short Blades
 + Level 0.3 Long Blades
 + Level 0.3 Axes
 + Level 0.3 Maces & Flails
 + Level 0.3 Polearms
 + Level 0.3 Staves
 + Level 0.3 Slings
 + Level 0.3 Bows
 + Level 2.4 Crossbows
 + Level 0.3 Throwing
 + Level 6.4 Armour
 + Level 0.3 Dodging
 + Level 2.2 Stealth
 + Level 2.4 Shields
 + Level 4.4 Unarmed Combat
 + Level 0.3 Spellcasting
 + Level 0.2 Conjurations
 + Level 0.2 Hexes
 + Level 0.2 Charms
 + Level 0.2 Summonings
 + Level 0.2 Necromancy
 + Level 0.2 Translocations
 + Level 0.2 Transmutations
 + Level 0.2 Fire Magic
 + Level 0.2 Ice Magic
 + Level 0.2 Air Magic
 + Level 0.2 Earth Magic
 + Level 0.2 Poison Magic
 + Level 0.4 Invocations
 + Level 2.4 Evocations


You had one spell level left.
You didn't know any spells.
Your spell library was empty.

Dungeon Overview and Level Annotations

Branches:
Dungeon (1/15)

Altars:


Innate Abilities, Weirdness & Mutations

Your experience applies equally to all skills.
You have very sharp teeth.
Your uncanny sense of smell can sniff out nearby items.


Message History

You closely miss the leopard gecko. Your bite misses the leopard gecko.
The leopard gecko closely misses you.
You miss the leopard gecko. The leopard gecko closely misses you.
You miss the leopard gecko. The leopard gecko closely misses you.
You barely miss the leopard gecko. The leopard gecko misses you.
You closely miss the leopard gecko. Your bite misses the leopard gecko.
The leopard gecko bites you.
You take 3 damage, and have 10/17 hp.
You are too injured to fight recklessly!
You are too injured to fight recklessly!
You are too injured to fight recklessly!
You barely miss the leopard gecko. The leopard gecko closely misses you.
You miss the leopard gecko. Your bite misses the leopard gecko.
The leopard gecko closely misses you.
You hit the leopard gecko.
You bite the leopard gecko, but do no damage.
The leopard gecko bites you. The leopard gecko barely misses you.
You take 2 damage, and have 9/17 hp.
You hit the leopard gecko.
You kill the leopard gecko!
You see here a leopard gecko corpse.
You butcher the leopard gecko corpse.
h - 6 chunks of flesh {@w0} (gained 2)
You see here a leopard gecko skeleton.
You start resting.
Health restored: 17
f - 2 rations (gained 1)
A leopard gecko comes into view.
A leopard gecko is nearby!
The leopard gecko hisses angrily.
The leopard gecko misses you.
You miss the leopard gecko. The leopard gecko bites you.
You take 3 damage, and have 14/17 hp.
You closely miss the leopard gecko. The leopard gecko closely misses you.
You closely miss the leopard gecko. The leopard gecko barely misses you.
You barely miss the leopard gecko. The leopard gecko bites you.
You take 1 damage, and have 13/17 hp.
You hit the leopard gecko.
You kill the leopard gecko!
You have reached level 2!
You regained 4 hp, and now have 17/23 hp.
MP restored: 3 You start resting.
Some of the chunks of flesh in your inventory have rotted away.
All of the chunks of flesh in your inventory have rotted away.
Health restored: 23 You butcher the leopard gecko corpse.
h - a chunk of flesh {@w0} You see here a leopard gecko skeleton. x2
A kobold comes into view. It is wielding a +0 whip.
A kobold is nearby!
The helpless kobold fails to defend itself.
You hit the kobold. The kobold misses you.
You closely miss the kobold. The kobold misses you.
You hit the kobold.
You kill the kobold!
Things that are here:
a +0 whip; a kobold corpse A ball python comes into view.
A ball python is nearby!
The ball python barely misses you. The ball python grabs you.
The ball python constricts you. The ball python barely misses you.
The ball python constricts you.
You take 1 damage, and have 22/23 hp.
You hit the ball python but do no damage.
Your bite misses the ball python. The ball python barely misses you.
The ball python constricts you.
You hit the ball python.
You kill the ball python!
No target in view!
No target in view!
You butcher the ball python corpse.
h - 4 chunks of flesh {@w0} (gained 3)
You see here a ball python skeleton. x2
You now have 26 gold pieces (gained 14).
A bat and a hobgoblin come into view.
Health restored: 23
There are monsters nearby!
You hit the hobgoblin.
You kill the hobgoblin!
A gnoll and a kobold come into view.
The kobold shouts!
The kobold throws a stone.
The stone hits you but does no damage.
Things that are here:
a stone; a +0 club The bat barely misses you.
You barely miss the kobold.
The gnoll shouts!
The bat closely misses you. The kobold completely misses you.
You hit the kobold.
You kill the kobold!
The bat hits you but does no damage. The gnoll closely misses you.
The bat closely misses you. The gnoll hits you with a +0 halberd!
You take 9 damage, and have 14/23 hp.
MASSIVE DAMAGE!!
You hit the gnoll. Your bite misses the gnoll. The bat barely misses you.
The gnoll hits you with a +0 halberd!
Ouch! That really hurt!
You die...

.. .# .. ..∆ .# #.
..###.. .#.#.##
#...... ....!# #......
##g#.### .[....[
#$@....# #
.......###.#b#.# .#
.......#.(.### ..#
#......#.###.###..#
...................#
#......?........#
#.####.###.#........##
#......##. #.#####÷.#
∆ #÷.## ##. #..#


You could see a gnoll and a bat.

Vanquished Creatures
  A dart slug (D:1)
  2 leopard geckos (D:1)
  2 hobgoblins (D:1)
  2 kobolds (D:1)
  A ball python (D:1)
8 creatures vanquished.

Notes
Turn   | Place    | Note
-------+----------+-------------------------------------------
     0 | D:1      | Firecrotchwizard the Gnoll Wanderer began the quest for the
                  | Orb.
     0 | D:1      | Firecrotchwizard set off with the following items: a scroll
                  | of fear, a potion of heal wounds, 2 potions of
                  | lignification {!q}, a +0 robe, a +0 dagger, a ration
     0 | D:1      | Reached XP level 1. HP: 17/17 MP: 2/2
     0 | D:1      | meem: I am meem, an upgrade of beem built by MalcolmRose
                  | (check out Malcolm's DCSS vids and other projects at
                  | http://youtube.com/malcolmrosegaming). To have me follow
                  | you in your games, type !subscribemeem - to make me go away
                  | forever, type !quitmeem - For help, type: !meem
   245 | D:1      | Reached XP level 2. HP: 17/23 MP: 3/3
   371 | D:1      | Slain by a gnoll

Vault maps used:
D:1:      tarquinn_simple_flora_water_b, minmay_indecisive_spiral

Action                   || total
-------------------------++-------
Melee: Unarmed           ||    29
       Bite              ||     1
 Stab: Sleeping          ||     1
Armor: Robe              ||     4
Dodge: Dodged            ||    22

Table legend:
 A = Non-vault XP
 B = Vault XP
 C = Vault XP percentage of total XP
 D = Non-vault monster count
 E = Vault monster count
 F = Vault count percentage of total count
                 A         B        C        D         E       F
            +---------+---------+-------+---------+---------+-------
      Total |      15 |       3 |  16.7 |       6 |       2 |  25.0
            +---------+---------+-------+---------+---------+-------
        D:1 |      15 |       3 |  16.7 |       6 |       2 |  25.0
            +---------+---------+-------+---------+---------+-------

Vault maps used:
D:1:      tarquinn_simple_flora_water_b, minmay_indecisive_spiral

Table legend:
 A = Turns spent in this place as a percentage of turns spent in the entire game.
 B = Non-inter-level travel turns spent in this place as a percentage of non-inter-level travel turns spent in the entire game.
 C = Inter-level travel turns spent in this place as a percentage of turns spent in this place.
 D = Turns resting spent in this place as a percentage of non-inter-level travel turns spent in this place.
 E = Turns spent auto-exploring this place as a percentage of non-inter-level travel turns spent in this place.
 F = Non-inter-level travel turns spent in this place divided by the number of levels of this place that you've seen.
                   A       B       C       D       E      F
               +-------+-------+-------+-------+-------+----------------------
         Total | 100.0 | 100.0 |   0.0 |  61.7 |  20.2 | 371.0
       Dungeon | 100.0 | 100.0 |   0.0 |  61.7 |  20.2 | 371.0
               +-------+-------+-------+-------+-------+----------------------

Table legend:
 A = Kills in this place as a percentage of kills in entire the game.
 B = Kills by you in this place as a percentage of kills by you in the entire game.
 C = Kills by friends in this place as a percentage of kills by friends in the entire game.
 D = Other kills in this place as a percentage of other kills in the entire game.
 E = Experience gained in this place as a percentage of experience gained in the entire game.
 F = Experience gained in this place divided by the number of levels of this place that you have seen.
                   A       B       C       D       E      F
               +-------+-------+-------+-------+-------+----------------------
         Total | 100.0 | 100.0 |   N/A |   N/A | 100.0 |  18.0
       Dungeon | 100.0 | 100.0 |   N/A |   N/A | 100.0 |  18.0
               +-------+-------+-------+-------+-------+----------------------
